 Dungeon Crawl Stone Soup version 0.27.1-33-g824d729ab1 (webtiles) character file.

Game seed: 12249890899231944889

82802 jlumianski the Nimble (level 15, -10/108 HPs)
             Began as a Gnoll Monk on Dec 20, 2021.
             Was the Champion of Hepliaklqana.
             Killed from afar by Azrael (15 damage)
             ... with damnation
             ... on level 13 of the Dungeon on Dec 21, 2021.
             The game lasted 02:53:23 (32418 turns).

jlumianski the Nimble (Gnoll Monk)                 Turns: 32418, Time: 02:53:31

Health: -10/108    AC: 16    Str: 20    XL:     15   Next: 75%
Magic:  29/29      EV: 16    Int: 22    God:    Hepliaklqana [******]
Gold:   1200       SH: 19    Dex: 15    Spells: 20/34 levels left

rFire    . . .     SeeInvis +   c - +9 war axe of Reinforcement {vorpal, Str+3}
rCold    + . .     Faith    .   f - +2 kite shield {AC+3}
rNeg     . . .     Spirit   .   k - +2 ring mail {rC+}
rPois    +         Reflect  +   D - +0 mask of the Dragon {Will+ Slay+3 SInv}
rElec    .         Harm     .   N - scarf {repulsion}
rCorr    .         Rampage  +   x - +1 pair of gloves of the Unbroken {Rampage Str+3}
Will     ++...                  V - +0 pair of boots "Othuolim" {Int+4}
Stlth    ++++......             u - amulet of reflection
HPRegen  0.28/turn              T - ring of poison resistance
MPRegen  0.21/turn              b - +6 ring of intelligence

@: invisible, repel missiles
A: reduced essence, fangs 1, strong nose, distributed training
a: Renounce Religion, Recall Ancestor, Ancestor Identity, Transference, Idealise


You were on level 13 of the Dungeon.
You worshipped Hepliaklqana.
Hepliaklqana was exalted by your worship.
You visited 3 branches of the dungeon, and saw 23 of its levels.
You also visited: Sewer and Gauntlet.

You collected 2369 gold pieces.
You spent 1169 gold pieces at shops.

Inventory:

Hand Weapons
 c - the +9 war axe of Reinforcement (weapon) {vorpal, Str+3}
   (You took it off a wight on level 9 of the Dungeon)

   It inflicts extra damage upon your enemies.
   Str:       It affects your strength (+3).
 S - the +1 hand axe "Curotza" {pain, *Noise rC+ rN++ rCorr}
   (You found it on level 3 of the Lair of Beasts)

   In the hands of one skilled in necromantic magic, it inflicts extra damage on
   living creatures.
   rC:        It protects you from cold.
   rN:        It greatly protects you from negative energy.
   *Noise:    It may make noises in combat.
   rCorr:     It protects you from acid and corrosion.
 W - the +9 flail of Spring {elec, rC+ Str+7 Int+3}
   (You took it off a minotaur in a Gauntlet)

   It occasionally discharges a powerful burst of electricity upon striking a
   foe.
   Str:       It affects your strength (+7).
   Int:       It affects your intelligence (+3).
   rC:        It protects you from cold.
Missiles
 m - 61 boomerangs
 p - 4 throwing nets (quivered)
 t - 4 curare-tipped darts
 w - 84 poisoned darts
 X - 12 silver javelins
Armour
 f - a +2 kite shield of protection (worn)
 k - a +2 ring mail of cold resistance (worn)
 x - the +1 pair of gloves of the Unbroken (worn) {Rampage Str+3}
   (You acquired it on level 3 of the Lair of Beasts)

   Str:       It affects your strength (+3).
   Rampage:   It bestows one free step when moving towards enemies.
 B - a +2 pair of boots of flying
 D - the +0 mask of the Dragon (worn) {Will+ Slay+3 SInv}
   (You bought it in a shop on level 2 of the Orcish Mines)

   Slay:      It affects your accuracy & damage with ranged weapons and melee
   (+3).
   SInv:      It lets you see invisible.
   Will:      It increases your willpower.
 N - a scarf of repulsion (worn)
 V - the +0 pair of boots "Othuolim" (worn) {Int+4}
   (You found it in a Gauntlet)

   Int:       It affects your intelligence (+4).
Jewellery
 b - a +6 ring of intelligence (right hand)
 u - an amulet of reflection (around neck)
 y - a ring of protection from cold
 C - a ring of willpower
 T - a ring of poison resistance (left hand)
Wands
 j - a wand of digging (3)
 q - a wand of iceblast (10)
 r - a wand of charming (9)
 P - a wand of acid (10)
 Y - a wand of paralysis (20)
 Z - a wand of mindburst (17)
Scrolls
 d - 2 scrolls of fog
 n - a scroll of holy word
 v - 11 scrolls of teleportation
 K - 3 scrolls of identify
 L - 2 scrolls of silence
 M - a scroll of fear
Potions
 a - 2 potions of haste
 g - 2 potions of flight
 s - 5 potions of might
 A - 2 potions of berserk rage
 G - 5 potions of curing
 O - a potion of cancellation
 Q - 3 potions of ambrosia
Miscellaneous
 e - a condenser vane
 H - a piece from Xom's chessboard (15/15)
 I - a box of beasts (inert)
 J - a phantom mirror
 U - a lightning rod (4/4)


   Skills:
 + Level 12.0 Fighting
 + Level 10.3 Short Blades
 + Level 10.3 Long Blades
 + Level 12.0 Axes
 + Level 10.3 Maces & Flails
 + Level 10.3 Polearms
 + Level 10.3 Staves
 + Level 10.3 Slings
 + Level 10.3 Bows
 + Level 10.3 Crossbows
 + Level 10.3 Throwing
 + Level 10.3 Armour
 + Level 12.0 Dodging
 + Level 11.0 Stealth
 + Level 10.3 Shields
 + Level 10.3 Unarmed Combat
 + Level 10.3 Spellcasting
 + Level 8.7 Conjurations
 + Level 8.7 Hexes
 + Level 8.7 Summonings
 + Level 8.7 Necromancy
 + Level 8.7 Translocations
 + Level 8.7 Transmutations
 + Level 8.7 Fire Magic
 + Level 8.7 Ice Magic
 + Level 8.7 Air Magic
 + Level 8.7 Earth Magic
 + Level 8.7 Poison Magic
 + Level 11.1 Invocations
 + Level 10.3 Evocations


You had 20 spell levels left.
You knew the following spells:

 Your Spells              Type           Power      Damage    Failure   Level
a - Summon Small Mammal   Summ           100%       N/A       1%          1
b - Call Canine Familiar  Summ           49%        N/A       1%          3
c - Wereblood             Tmut           49%        N/A       1%          2
d - Summon Lightning Spi  Summ/Air       49%        N/A       4%          4
e - Olgreb's Toxic Radia  Pois           49%        N/A       4%          4

Your spell library contained the following spells:

 Spells                   Type           Power      Damage    Failure   Level
 Beastly Appendage        Tmut           98%        N/A       1%          1
 Magic Dart               Conj           100%       1d8       1%          1
 Sting                    Tmut/Pois      100%       1d8       1%          1
 Poisonous Vapours        Pois/Air       98%        N/A       1%          2
 Slow                     Hex            49%        N/A       1%          2
 Sublimation of Blood     Necr           24%        N/A       1%          2
 Confusing Touch          Hex            49%        N/A       1%          3
 Portal Projectile        Hex/Tloc       98%        N/A       1%          3
 Spider Form              Tmut/Pois      24%        N/A       1%          3
 Stone Arrow              Conj/Erth      98%        3d13      1%          3
 Summon Guardian Golem    Hex/Summ       49%        N/A       1%          3
 Passage of Golubria      Tloc           N/A        N/A       4%          4
 Alistair's Intoxication  Tmut/Pois      32%        N/A       13%         5
 Blade Hands              Tmut           24%        N/A       13%         5
 Bolt of Magma            Conj/Fire/Erth 24%        4d12      13%         5
 Excruciating Wounds      Necr           24%        N/A       13%         5
 Summon Mana Viper        Hex/Summ       49%        N/A       13%         5
 Yara's Violent Unravell  Hex/Tmut       24%        3d11      13%         5
 Haunt                    Necr/Summ      24%        N/A       98%         7
 Malign Gateway           Summ/Tloc      24%        N/A       98%         7
 Storm Form               Tmut/Air       24%        N/A       98%         7
 Summon Hydra             Summ           24%        N/A       98%         7
 Shatter                  Erth           24%        3d21*     100%        9


Dungeon Overview and Level Annotations

Branches:
Dungeon (15/15)            Temple (0/1) D:6            Lair (6/6) D:8
  Swamp (0/4) Lair:3        Snake (0/4) Lair:4        Slime (0/5) Lair:6
    Orc (2/2) D:12            Elf (0/3) Orc:2         Sewer (visited)
Gauntlet (visited)
 Vaults: D:13-14     Depths: D:15

Altars:
Ashenzari
Dithmenos
Elyvilon
Gozag
Hepliaklqana
Kikubaaqudgha
Makhleb
Ru
Sif Muna
Trog
Uskayaw
Vehumet
Wu Jian
Xom
Yredelemnul
Beogh
Jiyva
Lugonu

Shops:
D:9 (   D:11 *   Orc:1 [   Orc:2 [**([[

Portals:
Abyss: Lair:6

Annotations:
D:13 Azrael


Innate Abilities, Weirdness & Mutations

Your life essence is reduced to manifest your ancestor. (-10% HP)
You have very sharp teeth.
Your uncanny sense of smell can sniff out nearby items.
Your experience applies equally to all skills.


Message History

* * * LOW HITPOINT WARNING * * *
The fireball engulfs Azrael.
Azrael completely resists.
You feel much better.
A crimson imp comes into view.
Azrael gestures at you.
The sphere of damnation explodes!
The damnation engulfs you!!
* * * LOW HITPOINT WARNING * * *
The damnation engulfs Azrael.
Azrael completely resists.
Okay, then.
Unknown command.
Press: ? - help, v - describe, . - travel
Here: Azrael, wielding a +0 scimitar of flaming (moderately wounded, fast)
The floor.
Unknown command.
Unknown command.
Throw: 5 throwing nets
Press: ? - help, Q - select action, (/) - cycle Shift-Dir - straight line, f - Azrael
Aim: Azrael, wielding a +0 scimitar of flaming (moderately wounded, fast, 85% to hit)
You throw a throwing net. The throwing net hits Azrael.
Azrael is caught in the net!
Azrael is moderately wounded.
Azrael screams, "Burn!
Burn!
All of it must BURN!"
Azrael struggles against the net.
Azrael gestures at you. The bolt of fire hits you!
* * * LOW HITPOINT WARNING * * *
Azrael struggles against the net.
The crimson imp grins evilly.
Okay, then.
Press: ? - help, v - describe, . - travel, g - get item
Here: Azrael, wielding a +0 scimitar of flaming (moderately wounded, fast, entangled in a net) Item here: a throwing net.
The floor.
You fade into invisibility!
Azrael struggles against the net.
Azrael screams, "Burn!
Burn!
All of it must BURN!"
Azrael gestures at something.
The sphere of damnation explodes!
The damnation engulfs Azrael.
Azrael completely resists.
The damnation engulfs you!
You die...

**** #####.....# ****** ,,,*
#......#### *,,,,**** ,,,*
#......# *,,,,,,,,
#############......# *,,,,,,,,
...................# *,,,,,,,,
...................# *****,,,,
...................# *,,,,
......>.......R....# *,,,,
............5...@..# *,,,,
#+#######'###......# *..,,
#...........#......####### *...,
#...........##'##........# *##'#
#...............#........# *....
#...............#........# *....
#.).........##+##........#####+##
#..##.......##..#....#'##....#,,#
#..##...........#....#..#....#,,#


You could see Azrael (wandering, fast, caught) and a crimson imp.

Vanquished Creatures
  Kirke (D:11)
  The ghost of barney the Grappler, a journeyman DrTm of Vehumet (Lair:5)
  A minotaur (Gauntlet)
  5 hydras
  3 boulder beetles
  A centaur warrior (D:15)
  A catoblepas (Lair:5)
  6 death yaks
  Urug (D:10)
  Sonja (Lair:5)
  2 thrashing horrors (Lair:6)
  3 orc knights (Orc:2)
  An oklob plant (D:12)
  3 manticores
  A cyclops (D:12)
  7 elephants
  2 smoke demons (Lair:6)
  4 black mambas
  A black mamba (shapeshifter) (Lair:6)
  12 cane toads
  A torpor snail (Lair:6)
  2 gargoyles
  4 kobold demonologists
  A tengu conjurer (D:9)
  3 komodo dragons
  Grinder (D:4)
  A troll (D:12)
  A hornet (D:10)
  A polar bear (Lair:5)
  5 slime creatures
  12 blink frogs
  A spriggan (Lair:6)
  A fire elemental (D:13)
  6 wyverns
  A basilisk (Lair:6)
  2 fire bats (Gauntlet)
  35 yaks
  7 small abominations (Lair:6)
  5 hogs
  5 vampire mosquitoes
  2 wargs (Orc:2)
  A hell hound (D:13)
  An acid dragon (D:10)
  14 water moccasins
  16 orc warriors
  A meliai simulacrum (D:13)
  2 black bears
  A necrophage (D:4)
  18 centaurs
  10 wolves
  An ogre (D:3)
  5 kobold brigands
  3 scorpions
  A wyvern zombie (D:7)
  8 bullfrogs
  A water moccasin zombie (D:6)
  A water moccasin skeleton (D:4)
  3 killer bees
  4 wights
  2 howler monkeys
  A bullfrog zombie (D:7)
  3 centaur zombies
  2 crimson imps (D:13)
  A gnoll shaman (D:8)
  A hound (D:4)
  9 orc priests
  A jelly (D:10)
  Ijyb (D:4)
  2 iguanas (D:4)
  11 orc wizards
  Natasha (thrice) (D:3)
  A killer bee zombie (D:8)
  A howler monkey zombie (D:7)
  7 adders
  18 gnolls
  3 river rats (Sewer)
  A shadow imp (D:5)
  A white imp (D:8)
  An ufetubus (D:4)
  2 adder skeletons (D:4)
  8 worms
  3 dart slugs
  52 orcs
  15 endoplasms
  6 giant cockroaches
  5 goblins
  9 hobgoblins
  5 jackals
  2 quokkas
  8 ball pythons
  7 bats
  5 frilled lizards
  22 kobolds
  10 rats
474 creatures vanquished.

Vanquished Creatures (collateral kills)
  Snorg (D:12)
  Harold (D:8)
  3 hydras
  3 catoblepae
  A dancing weapon (D:6)
  A death yak (Lair:6)
  A fire crab (Gauntlet)
  2 thrashing horrors (Lair:6)
  2 large abominations (Lair:6)
  The ghost of solodx the Covered, a novice MiFi of Qazlal (D:6)
  5 orc knights
  2 manticores
  An orc sorcerer (Orc:2)
  2 oklob plants (D:12)
  A cyclops (Orc:2)
  5 elephants
  3 ugly things
  2 black mambas
  5 komodo dragons
  An ancient zyme (Lair:6)
  3 trolls
  A meliai (shapeshifter) (Lair:6)
  3 slime creatures
  7 blink frogs
  A wyvern (Lair:2)
  A redback (shapeshifter) (Lair:6)
  17 yaks
  A vampire (D:11)
  A fire bat (Gauntlet)
  A wraith (D:13)
  2 basilisks (Lair:6)
  5 vampire mosquitoes
  2 chaos spawn
  A neqoxec (Gauntlet)
  A steam dragon (D:8)
  3 wargs
  7 water moccasins
  A hell hound (D:13)
  A swamp drake (D:12)
  24 orc warriors
  An ice beast (D:7)
  2 black bears
  7 ogres
  6 wolves
  6 centaurs
  A phantom (D:5)
  A kobold brigand (D:4)
  3 bullfrogs
  A gnoll sergeant (D:8)
  A scorpion (D:7)
  3 small abominations (Lair:6)
  8 wights
  6 killer bees
  A nameless horror (D:11)
  A howler monkey (D:5)
  3 centaur zombies
  3 jellies
  4 orc priests
  2 hounds
  A bullfrog skeleton (D:5)
  An iguana (D:6)
  13 orc wizards
  2 howler monkey zombies
  2 adders
  3 gnolls
  An ufetubus (D:5)
  32 orcs
  2 kobolds
  A quokka (D:5)
  A ball python (D:4)
245 creatures vanquished.

Vanquished Creatures (others)
  18 knights
  A kobold (D:9)
  9 demonic plants (D:12)
  59 fungi
  143 plants
  4 withered plants (Gauntlet)
234 creatures vanquished.

Grand Total: 953 creatures vanquished

Notes
Turn   | Place    | Note
-------+----------+-------------------------------------------
     0 | D:1      | jlumianski the Gnoll Monk began the quest for the Orb.
     0 | D:1      | Reached XP level 1. HP: 23/23 MP: 1/1
   136 | D:1      | Reached XP level 2. HP: 27/29 MP: 2/2
   445 | D:1      | Found a faded altar of an unknown god.
   677 | D:1      | Reached XP level 3. HP: 35/35 MP: 3/3
   714 | D:2      | Got the Disquisition on Dislocated Flight
   831 | D:2      | Reached skill level 1 in Invocations
  1072 | D:2      | Reached skill level 1 in Short Blades
  1072 | D:2      | Reached skill level 1 in Long Blades
  1072 | D:2      | Reached skill level 1 in Maces & Flails
  1072 | D:2      | Reached skill level 1 in Polearms
  1072 | D:2      | Reached skill level 1 in Staves
  1072 | D:2      | Reached skill level 1 in Slings
  1072 | D:2      | Reached skill level 1 in Bows
  1072 | D:2      | Reached skill level 1 in Crossbows
  1072 | D:2      | Reached skill level 1 in Throwing
  1072 | D:2      | Reached skill level 1 in Armour
  1072 | D:2      | Reached skill level 1 in Shields
  1072 | D:2      | Reached skill level 1 in Unarmed Combat
  1072 | D:2      | Reached skill level 1 in Spellcasting
  1072 | D:2      | Reached skill level 1 in Evocations
  1152 | D:2      | Reached XP level 4. HP: 24/41 MP: 5/5
  1572 | D:3      | Noticed Natasha
  1583 | D:3      | Killed Natasha
  1584 | D:3      | Reached skill level 1 in Conjurations
  1584 | D:3      | Reached skill level 1 in Hexes
  1584 | D:3      | Reached skill level 1 in Summonings
  1584 | D:3      | Reached skill level 1 in Necromancy
  1584 | D:3      | Reached skill level 1 in Translocations
  1584 | D:3      | Reached skill level 1 in Transmutations
  1584 | D:3      | Reached skill level 1 in Fire Magic
  1584 | D:3      | Reached skill level 1 in Ice Magic
  1584 | D:3      | Reached skill level 1 in Air Magic
  1584 | D:3      | Reached skill level 1 in Earth Magic
  1584 | D:3      | Reached skill level 1 in Poison Magic
  1732 | D:3      | Reached XP level 5. HP: 47/47 MP: 6/6
  1764 | D:3      | Found a glowing drain.
  1764 | D:3      | Noticed Natasha
  1796 | Sewer    | Entered a sewer
  1894 | Sewer    | Noticed a kobold brigand
  1909 | Sewer    | Killed a kobold brigand
  2081 | Sewer    | Reached XP level 6. HP: 44/53 MP: 8/8
  2422 | D:3      | Killed Natasha
  2797 | D:3      | Noticed Natasha
  2802 | D:3      | Killed Natasha
  2803 | D:3      | Reached XP level 7. HP: 59/59 MP: 10/10
  2979 | D:4      | Noticed Grinder
  3035 | D:4      | Noticed Ijyb
  3079 | D:4      | Killed Ijyb
  3550 | D:4      | Reached skill level 5 in Stealth
  3770 | D:4      | Paralysed by Grinder for 7 turns
  3789 | D:4      | Killed Grinder
  3790 | D:4      | Reached XP level 8. HP: 29/67 MP: 12/12
  4024 | D:4      | Found a sacrificial altar of Ru.
  4037 | D:4      | Found a hazy altar of Hepliaklqana.
  4045 | D:4      | Found a bloodstained altar of Trog.
  4053 | D:4      | Became a worshipper of Hepliaklqana the Forgotten
  4053 | D:4      | Reached * piety under Hepliaklqana
  4053 | D:4      | Reached ** piety under Hepliaklqana
  4054 | D:4      | Remembered your ancestor Msizi as a knight
  4674 | D:5      | Entered Level 5 of the Dungeon
  5201 | D:5      | Learned a level 1 spell: Summon Small Mammal
  5528 | D:5      | Found a broken altar of Ashenzari.
  5606 | D:5      | Reached XP level 9. HP: 65/65 MP: 14/14
  5982 | D:6      | Found a runed translucent door.
  5983 | D:6      | Found a shimmering altar of Xom.
  5983 | D:6      | Noticed solodx's ghost (novice MiFi)
  5984 | D:6      | Noticed a +1 whip of chaos
  6015 | D:6      | Found a basalt altar of Yredelemnul.
  6022 | D:6      | Found a staircase to the Ecumenical Temple.
  6529 | D:6      | Reached *** piety under Hepliaklqana
  6770 | D:5      | Reached skill level 5 in Invocations
  7259 | D:6      | Killed a +1 whip of chaos
  7260 | D:6      | Reached XP level 10. HP: 57/72 MP: 15/17
  7352 | D:6      | Killed solodx's ghost
  7353 | D:6      | Reached skill level 5 in Short Blades
  7353 | D:6      | Reached skill level 5 in Long Blades
  7353 | D:6      | Reached skill level 5 in Maces & Flails
  7353 | D:6      | Reached skill level 5 in Polearms
  7353 | D:6      | Reached skill level 5 in Staves
  7353 | D:6      | Reached skill level 5 in Slings
  7353 | D:6      | Reached skill level 5 in Bows
  7353 | D:6      | Reached skill level 5 in Crossbows
  7353 | D:6      | Reached skill level 5 in Throwing
  7353 | D:6      | Reached skill level 5 in Armour
  7353 | D:6      | Reached skill level 5 in Shields
  7353 | D:6      | Reached skill level 5 in Unarmed Combat
  7353 | D:6      | Reached skill level 5 in Spellcasting
  7353 | D:6      | Reached skill level 5 in Evocations
  8057 | D:8      | Found a staircase to the Lair.
  8561 | D:9      | Found a white marble altar of Elyvilon.
  8625 | D:9      | Found a shimmering blue altar of Sif Muna.
  8639 | D:9      | Found an ancient bone altar of Kikubaaqudgha.
  8655 | D:9      | Found a radiant altar of Vehumet.
  8677 | D:9      | Got Vehumet's Volume of Conjuration
  8682 | D:9      | Learned a level 3 spell: Call Canine Familiar
  8710 | D:9      | Learned a level 2 spell: Wereblood
  8751 | D:9      | Reached **** piety under Hepliaklqana
  8821 | D:9      | Noticed an eight-headed hydra
  8888 | D:9      | Found a hide-covered altar of Uskayaw.
  9027 | D:9      | Killed an eight-headed hydra
  9028 | D:9      | Reached XP level 11. HP: 34/78 MP: 17/19
  9121 | D:9      | Reached skill level 5 in Conjurations
  9121 | D:9      | Reached skill level 5 in Hexes
  9121 | D:9      | Reached skill level 5 in Summonings
  9121 | D:9      | Reached skill level 5 in Necromancy
  9121 | D:9      | Reached skill level 5 in Translocations
  9121 | D:9      | Reached skill level 5 in Transmutations
  9121 | D:9      | Reached skill level 5 in Fire Magic
  9121 | D:9      | Reached skill level 5 in Ice Magic
  9121 | D:9      | Reached skill level 5 in Air Magic
  9121 | D:9      | Reached skill level 5 in Earth Magic
  9121 | D:9      | Reached skill level 5 in Poison Magic
  9135 | D:9      | Got the Papyrus of Terra Cotta
  9340 | D:9      | Found Paclir's Weapon Emporium.
  9349 | D:9      | Bought a +0 broad axe for 68 gold pieces
  9718 | D:8      | Noticed a boulder beetle
  9777 | D:8      | Found a shadowy altar of Dithmenos.
 10182 | D:8      | Killed a boulder beetle
 10224 | D:8      | Noticed Harold
 10239 | D:8      | Killed Harold
 10242 | D:8      | HP: 3/80 [killer bee zombie (5)]
 11313 | D:9      | Found an ornate altar of the Wu Jian Council.
 11559 | D:9      | Identified the +9 war axe of Reinforcement {vorpal, Str+3}
 11658 | D:9      | Found a burning altar of Makhleb.
 11828 | D:10     | Entered Level 10 of the Dungeon
 11891 | D:10     | Found a viscous altar of Jiyva.
 12101 | D:10     | Reached ***** piety under Hepliaklqana
 12345 | D:10     | Noticed Urug
 12357 | D:10     | Killed Urug
 12952 | D:11     | Reached XP level 12. HP: 84/86 MP: 22/22
 13265 | D:11     | Found an opulent altar of Gozag.
 13418 | D:11     | Found Gozag's Platinum Reserve.
 13591 | D:11     | You fall into a shaft and drop 1 floor!
 13629 | D:12     | Found a corrupted altar of Lugonu.
 13633 | D:12     | Noticed a four-headed hydra
 13646 | D:12     | Killed a four-headed hydra
 13827 | D:12     | Noticed Snorg
 14147 | D:12     | Reached skill level 10 in Fighting
 14147 | D:12     | Reached skill level 10 in Axes
 14147 | D:12     | Reached skill level 10 in Dodging
 14578 | D:12     | Noticed a boulder beetle
 14586 | D:12     | Killed a boulder beetle
 14732 | D:12     | Killed Snorg
 14893 | D:12     | Found a staircase to the Orcish Mines.
 14963 | D:12     | You fall into a shaft and drop 3 floors!
 14963 | D:15     | Entered Level 15 of the Dungeon
 15058 | D:15     | Noticed a centaur warrior
 15072 | D:15     | Noticed a centaur warrior
 15103 | D:15     | Killed a centaur warrior
 15104 | D:15     | Reached XP level 13. HP: 82/92 MP: 24/24
 15173 | D:13     | You fall into a shaft and drop 2 floors!
 15313 | D:13     | Found a gate leading to a gauntlet.
 15335 | Gauntlet | Entered a Gauntlet
 15335 | Gauntlet | Found a transporter.
 15607 | Gauntlet | Found a transporter.
 15609 | Gauntlet | Found a transporter.
 15631 | Gauntlet | Found a transporter.
 15633 | Gauntlet | Found a transporter.
 15650 | Gauntlet | Found a transporter.
 15656 | Gauntlet | Found a runed translucent door.
 15663 | Gauntlet | Found a transporter.
 15673 | Gauntlet | Found a transporter.
 15692 | Gauntlet | Noticed a green death
 15693 | Gauntlet | Found a transporter.
 15700 | Gauntlet | Found a transporter.
 15700 | Gauntlet | Found a transporter.
 15702 | Gauntlet | Found a transporter.
 15737 | Gauntlet | Found a transporter.
 15908 | Gauntlet | Identified the +0 pair of boots "Othuolim" {Int+4}
 16153 | Gauntlet | Identified the +9 flail of Spring {elec, rC+ Str+7 Int+3}
 16153 | Gauntlet | Noticed a minotaur
 16525 | Gauntlet | Killed a minotaur
 16537 | Gauntlet | Got the Guide on Vitriolic Lightness
 16672 | Lair:1   | Entered Level 1 of the Lair of Beasts
 16871 | D:12     | Noticed Kirke
 18575 | D:12     | Identified the +5 hunting sling of Resumed Hostilities
                  | {freeze, rC+ Will++ rCorr Str+3}
 18611 | D:12     | Learned a level 4 spell: Summon Lightning Spire
 19016 | D:13     | Found a shimmering altar of Xom.
 19051 | D:13     | Reached ****** piety under Hepliaklqana
 19115 | D:13     | Noticed Azrael
 19567 | Orc:1    | Entered Level 1 of the Orcish Mines
 20073 | Orc:1    | Found Anlalos's Antique Armour Emporium.
 20362 | Orc:2    | Entered Level 2 of the Orcish Mines
 20402 | Orc:2    | Paralysed by an orc sorcerer for 6 turns
 20516 | Orc:2    | Found Tamain's Antique Armour Boutique.
 20578 | Orc:2    | Found Sirajus's Armour Shoppe.
 21556 | Orc:2    | Found a staircase to the Elven Halls.
 22382 | Orc:2    | Reached XP level 14. HP: 99/99 MP: 26/26
 22441 | Orc:2    | Found Qievanar's General Store.
 22441 | Orc:2    | Found Finaicar's Armour Emporium.
 22450 | Orc:2    | Bought the +0 mask of the Dragon {Will+ Slay+3 SInv} for
                  | 501 gold pieces
 22450 | Orc:2    | Found the +0 mask of the Dragon {Will+ Slay+3 SInv}
 22494 | Orc:2    | Found Aluollui's Weapon Shop.
 22494 | Orc:2    | Found Suscharphux's General Store.
 22509 | Orc:2    | Bought a phantom mirror for 600 gold pieces
 22757 | D:11     | Killed Kirke
 22916 | Lair:1   | Identified the +3 trident of Xom's Hope {flame, rF+}
 24807 | Lair:2   | Reached skill level 10 in Stealth
 25587 | Lair:3   | Reached skill level 10 in Invocations
 25750 | Lair:3   | Identified a scroll of acquirement
 25751 | Lair:3   | Acquired the +1 pair of gloves of the Unbroken {Rampage
                  | Str+3}
 25869 | Lair:3   | Found a staircase to the Swamp.
 26454 | Lair:3   | Identified the +1 hand axe "Curotza" {pain, *Noise rC+ rN++
                  | rCorr}
 26861 | Lair:4   | Found a staircase to the Snake Pit.
 28469 | Lair:5   | Found a runed translucent door.
 28469 | Lair:5   | Noticed barney's ghost (journeyman DrTm)
 28714 | Lair:5   | Killed barney's ghost
 28893 | Lair:5   | Noticed Sonja
 28904 | Lair:5   | Killed Sonja
 29073 | Lair:5   | Reached XP level 15. HP: 95/107 MP: 28/28
 29078 | Lair:5   | Learned a level 4 spell: Olgreb's Toxic Radiance
 29900 | Lair:6   | Entered Level 6 of the Lair of Beasts
 29936 | Lair:6   | Found a bloodstained altar of Trog.
 30098 | Lair:6   | Reached skill level 10 in Short Blades
 30098 | Lair:6   | Reached skill level 10 in Long Blades
 30098 | Lair:6   | Reached skill level 10 in Maces & Flails
 30098 | Lair:6   | Reached skill level 10 in Polearms
 30098 | Lair:6   | Reached skill level 10 in Staves
 30098 | Lair:6   | Reached skill level 10 in Slings
 30098 | Lair:6   | Reached skill level 10 in Bows
 30098 | Lair:6   | Reached skill level 10 in Crossbows
 30098 | Lair:6   | Reached skill level 10 in Throwing
 30098 | Lair:6   | Reached skill level 10 in Armour
 30098 | Lair:6   | Reached skill level 10 in Shields
 30098 | Lair:6   | Reached skill level 10 in Unarmed Combat
 30098 | Lair:6   | Reached skill level 10 in Spellcasting
 30098 | Lair:6   | Reached skill level 10 in Evocations
 30789 | Lair:6   | Found a viscous altar of Jiyva.
 30790 | Lair:6   | Found a staircase to the Slime Pits.
 31736 | Lair:6   | Found a corrupted altar of Lugonu.
 31736 | Lair:6   | Found a one-way gate to the infinite horrors of the Abyss.
 32416 | D:13     | HP: 4/108 [Azrael/bolt of fire (10)]
 32418 | D:13     | Killed from afar by Azrael

Illustrated notes

Levels and vault maps discovered:
D:1:      heliophobic_arrival_enchanted_forest, layout_basic,
          hellmonk_ecumenical_altar_leap_of_faith, minmay_misc_feat_columns,
          minmay_tall_x
D:2:      minmay_angry_zag, layout_rooms
D:3:      layout_basic, cheibrodos_sewer_entry_bend, kennysheep_generic_room_3,
          uniq_natasha
D:4:      minmay_octagon_keep, layout_basic, minmay_overflow_temple_star_quad,
          st_stairs_7, uniq_grinder, uniq_ijyb
D:5:      layout_basic, ashenzari_altar_1
D:6:      layout_gridville, old_standard_altar, minmay_temple_entry_overgrown,
          ebering_ghost_xom, kennysheep_nub, mrwooster_statue_mirror
D:7:      layout_cave_pools
D:8:      layout_loops_ring, grunt_dithmenos_smoke_and_mirrors,
          due_lair_maze_entry_diamond, moated_statue, uniq_harold
D:9:      layout_irregular_city, palyth_temple_overflow_mages,
          nicolae_uskayaw_dance_studio, nicolae_elyvilon_temple_path,
          lightli_temple_of_fire, nicolae_wu_jian_wuxing_cycle, serial_shops,
          nicolae_stop_n_shop_1, st_stairs_2, minmay_radiant
D:10:     layout_gridville, jiyva_altar_1, uniq_urug
D:11:     layout_loops_ring, grunt_decor_mini_mirrors,
          nicolae_gozag_zags_fifth_avenue
D:12:     kennysheep_kobold_lugonu_temple, layout_stronghold, erik_orc_1,
          disabler_island, uniq_kirke, uniq_snorg
D:13:     layout_gridville, portal_ice_cave_demonic_guard,
          gauntlet_entry_generic, led_xom_imps, uniq_azrael
D:14:     layout_small_grid, david_vaults_2, okawaru_metal_pillars_1_2,
          serial_co_window_serial, co_window_paths_a, co_window_paths_a,
          co_window_paths_a, co_window_paths_b, co_window_paths_a,
          co_window_corner_b, co_window_of_opportunity_b, co_window_2corner,
          co_window_corner_b, co_window_corner_ca, co_window_2corner
D:15:     hangedman_depths_entry_try_elsewhere_first, layout_irregular_city,
          serial_park_paths [serial_park_minivault_5x5_8],
          hangedman_abyss_or_decor_passed
Lair:1:   layout_small_grid, serial_bayou_shore_b, serial_bayou_shore_a
Lair:2:   layout_loops_ring
Lair:3:   layout_chaotic_city, swamp_mist, enter_volcano_4,
          nicolae_quartered_pool_super
Lair:4:   layout_regular_city, minmay_snake_entry_six_corridors
Lair:5:   nzn_motion_control, layout_gridlike, hellmonk_ghost_happy_afterlife,
          nicolae_lair_yak_garden, uniq_sonja
Lair:6:   hellmonk_lair_end_abyssal_woods, layout_regular_city, slime_altar_1,
          basic_altar
Orc:1:    layout_caves, serial_shops, nicolae_shop_trees
Orc:2:    st_orc_town, layout_diamond_mine, serial_shops,
          nicolae_shop_competitors_out_of_business, shop_fountains,
          nicolae_orc_rockfall

Skill      XL: |  1  2  3  4  5  6  7  8  9 10 11 12 13 14 15 |
---------------+----------------------------------------------+-----
Invocations    | 1 2 3 4 5 6 7 8 9 10 11 | 11.1
Short Blades   | 1 2 3 4 5 6 7 8 9 10 | 10.3
Long Blades    | 1 2 3 4 5 6 7 8 9 10 | 10.3
Maces & Flails | 1 2 3 4 5 6 7 8 9 10 | 10.3
Polearms       | 1 2 3 4 5 6 7 8 9 10 | 10.3
Staves         | 1 2 3 4 5 6 7 8 9 10 | 10.3
Slings         | 1 2 3 4 5 6 7 8 9 10 | 10.3
Bows           | 1 2 3 4 5 6 7 8 9 10 | 10.3
Crossbows      | 1 2 3 4 5 6 7 8 9 10 | 10.3
Throwing       | 1 2 3 4 5 6 7 8 9 10 | 10.3
Armour         | 1 2 3 4 5 6 7 8 9 10 | 10.3
Shields        | 1 2 3 4 5 6 7 8 9 10 | 10.3
Unarmed Combat | 1 2 3 4 5 6 7 8 9 10 | 10.3
Spellcasting   | 1 2 3 4 5 6 7 8 9 10 | 10.3
Evocations     | 1 2 3 4 5 6 7 8 9 10 | 10.3
Conjurations   | 1 2 3 4 5 6 7 8 |  8.7
Hexes          | 1 2 3 4 5 6 7 8 |  8.7
Summonings     | 1 2 3 4 5 6 7 8 |  8.7
Necromancy     | 1 2 3 4 5 6 7 8 |  8.7
Translocations | 1 2 3 4 5 6 7 8 |  8.7
Transmutations | 1 2 3 4 5 6 7 8 |  8.7
Fire Magic     | 1 2 3 4 5 6 7 8 |  8.7
Ice Magic      | 1 2 3 4 5 6 7 8 |  8.7
Air Magic      | 1 2 3 4 5 6 7 8 |  8.7
Earth Magic    | 1 2 3 4 5 6 7 8 |  8.7
Poison Magic   | 1 2 3 4 5 6 7 8 |  8.7
Fighting       | 7 8 9 10 11 12 | 12.0
Axes           | 7 8 9 10 11 12 | 12.0
Dodging        | 7 8 9 10 11 12 | 12.0
Stealth        | 5 6 7 8 9 10 11 | 11.0

Action                   |  1- 3 |  4- 6 |  7- 9 | 10-12 | 13-15 || total
-------------------------+-------+-------+-------+-------+-------++-------
Melee: Hand axe          |   121 |   179 |   276 |   259 |       ||   835
       Bite              |    13 |    20 |    18 |    60 |   103 ||   214
       Unarmed           |       |       |     3 |       |     3 ||     6
       Morningstar       |       |       |       |    22 |     4 ||    26
       War axe           |       |       |       |   190 |   645 ||   835
       Flail             |       |       |       |       |    24 ||    24
 Fire: Hunting sling     |       |    21 |       |       |       ||    21
Throw: Stone             |    10 |       |       |       |       ||    10
       Dart              |       |       |    27 |     7 |     2 ||    36
       Boomerang         |       |       |     4 |    20 |    16 ||    40
       Throwing net      |       |       |       |       |     1 ||     1
 Cast: Wereblood         |       |       |       |    15 |    26 ||    41
       Call Canine Famil |       |       |       |    11 |    11 ||    22
       Summon Lightning  |       |       |       |       |    40 ||    40
       Olgreb's Toxic Ra |       |       |       |       |     4 ||     4
       Summon Small Mamm |       |       |       |       |     1 ||     1
Invok: Ancestor Life: Kn |       |       |     1 |       |       ||     1
       Recall Ancestor   |       |       |     4 |     7 |     7 ||    18
       Idealise          |       |       |       |       |     3 ||     3
       Transference      |       |       |       |       |     1 ||     1
Evoke: Wand              |       |       |     4 |     9 |     4 ||    17
       Box of beasts     |       |       |       |     2 |     1 ||     3
       Lightning rod     |       |       |       |       |     4 ||     4
  Use: Scroll            |       |     8 |     3 |     9 |    15 ||    35
       Potion            |       |     4 |     1 |     1 |     6 ||    12
 Stab: Sleeping          |     4 |     4 |     2 |     3 |    17 ||    30
       Distracted        |       |     1 |       |     7 |    12 ||    20
Armor: Robe              |    11 |     9 |       |       |       ||    20
       Ring mail         |       |    32 |    82 |   136 |   182 ||   432
Dodge: Dodged            |    57 |    73 |   146 |   286 |   384 ||   946
       Repelled          |       |       |       |     5 |     7 ||    12
Block: Buckler           |    16 |    21 |   121 |   281 |   385 ||   824
       Reflection        |       |       |     6 |    36 |    22 ||    64
       Other             |       |       |       |       |     1 ||     1
       Kite shield       |       |       |       |       |     6 ||     6
